 Dungeon Crawl Stone Soup version 0.30-a0-219-gf2db51d15e (webtiles) character file.

Game seed: 12456046562412950266

909 KennySheep the Changer (level 8, -2/64 HPs)
             Began as a Barachi Transmuter on Oct 7, 2022.
             Slain by an orc warrior
             ... wielding a +0 flail
              (8 damage)
             ... on level 6 of the Dungeon.
             The game lasted 00:17:02 (4809 turns).

KennySheep the Changer (Barachi Transmuter)         Turns: 4809, Time: 00:17:02

Health: -2/64      AC:  7    Str: 14    XL:     8   Next: 8%
Magic:  12/14      EV: 10    Int: 14    God:
Gold:   186        SH:  0    Dex: 12    Spells: 8/15 levels left

rFire   x . .      SeeInvis .      - Unarmed
rCold   + + +      Faith    +    (shield currently unavailable)
rNeg    . . .      Spirit   .    (body armour currently unavailable)
rPois   +          Reflect  .    (helmet currently unavailable)
rElec   .          Harm     .    (cloak currently unavailable)
rCorr   .          Rampage  .    (gloves currently unavailable)
Will    .....                    (boots currently unavailable)
Stlth   +.........               m - amulet of faith
HPRegen 0.30/turn                (no ring)
MPRegen 0.14/turn                (no ring)

@: ice-form
A: freezing attack, boosted hp, amphibious, large, (slowness 1), (strong legs
1), +LOS
a: End Transformation


You were on level 6 of the Dungeon.
You were a creature of crystalline ice.
You visited 1 branch of the dungeon, and saw 6 of its levels.

You collected 186 gold pieces.

Inventory:

Armour
 a - a +0 robe (melded)
Jewellery
 m - an amulet of faith (around neck)
Wands
 b - a wand of roots (14)
Scrolls
 c - a scroll of brand weapon {unknown}
 e - a scroll of summoning
 f - a scroll of teleportation {unknown}
 i - a scroll of enchant armour
 k - 3 scrolls of fear
 l - a scroll of butterflies {unknown}
 n - 2 scrolls of enchant weapon {unknown}
 o - 2 scrolls of blinking {unknown}
 p - a scroll of poison {unknown}
 t - 3 scrolls of identify
Potions
 d - a potion of experience {unknown}
 g - a potion of degeneration
 h - a potion of cancellation {unknown}
 j - a potion of attraction {unknown}
 q - a potion of curing
 r - a potion of haste {unknown}
 s - a potion of magic {unknown}
 u - 2 potions of flight {unknown}


   Skills:
 - Level 1.2 Fighting
 - Level 2.1 Dodging
 + Level 3.8 Unarmed Combat
 + Level 4.4 Spellcasting
 * Level 6.4 Transmutations
 * Level 6.4 Ice Magic


You had 8 spell levels left.
You knew the following spells:

 Your Spells              Type           Power      Damage    Failure   Level
a - Beastly Appendage     Tmut           42%        N/A       1%          1
b - Wereblood             Tmut           21%        N/A       1%          2
z - Ice Form              Ice/Tmut       21%        N/A       13%         4

Your spell library contained the following spells:

 Spells                   Type           Power      Damage    Failure   Level
 Ozocubu's Armour         Ice            21%        N/A       4%          3
 Spider Form              Tmut/Pois      12%        N/A       16%         3
 Summon Small Mammal      Summ           12%        N/A       19%         1
 Call Canine Familiar     Summ           3%         N/A       50%         3
 Summon Guardian Golem    Hex/Summ       3%         N/A       50%         3
 Tukima's Dance           Hex            3%         N/A       50%         3
 Metabolic Englaciation   Hex/Ice        6%         N/A       80%         5
 Yara's Violent Unravell  Hex/Tmut       6%         3d5       80%         5
 Passage of Golubria      Tloc           3%         N/A       88%         4
 Simulacrum               Ice/Necr       6%         N/A       100%        6
 Ozocubu's Refrigeration  Ice            10%        4d9       100%        7


Dungeon Overview and Level Annotations

Branches:
Dungeon (6/15)
 Temple: D:4-7

Altars:
Cheibriados
Gozag
Trog

Shops:
D:4 :(?!(


Innate Abilities, Weirdness & Mutations

You are a creature of crystalline ice.
You have a powerful freezing melee attack.
Your maximum health is increased.
Your armour is entirely melded.
You are incapable of wielding weapons or throwing items.
You are amphibious.
((You cover ground slowly.))
((You can hop short distances.))
You have an extended range of vision and can be seen from far away.


Message History

You hit the scorpion. You freeze the scorpion.
The scorpion is lightly wounded.
The scorpion misses you.
You hit the scorpion. You freeze the scorpion.
The scorpion is moderately wounded.
The scorpion stings you.
The scorpion stings you but does no damage.
You hit the scorpion but do no damage.
The scorpion is moderately wounded.
The scorpion barely misses you.
You punch the scorpion! You freeze the scorpion.
You kill the scorpion!
You start resting.
An orc comes into view. It is wielding a +0 dagger.
Items here: ) [ ††.
An orc wizard comes into view. It is wielding a +0 dagger.
The orc shouts!
The orc wizard shouts!
You hear a shout!
The orc hits you but does no damage.
You punch the orc! You freeze the orc.
You kill the orc!
An orc warrior comes into view. It is wielding a +0 flail.
The orc warrior shouts!
The orc wizard hits you but does no damage.
The orc warrior hits you with a +0 flail.
You hit the orc wizard but do no damage.
You are ready to hop once more.
The orc wizard hits you but does no damage.
The orc warrior hits you with a +0 flail!
* * * LOW HITPOINT WARNING * * *
The orc wizard points at you and mumbles some strange words.
You resist with some effort.
You barely miss the orc warrior.
The orc warrior hits you but does no damage.
It was a potion of curing.
You feel better.
The orc warrior hits you with a +0 flail!
* * * LOW HITPOINT WARNING * * *
You hit the orc warrior. You freeze the orc warrior.
The orc warrior is lightly wounded.
The orc warrior hits you with a +0 flail!
You die...

#.........# #....#~#.#..~#
#.....###########..###.#.#~..#
###.### #.....#..#~l.#.#.~~#
#.# #.....#.##..l#.#b.~# #..
## #.....#.##.~l#.#b~.#
....#..~#.....#.######.#####
#.#.#~..#..o..#........# #.#
#o# ####.##### #.#Y######.#
#.....).†[.# ##.)########
.....# .......## #.####. # ..
##. ##


You could see an orc warrior and an orc wizard.

Vanquished Creatures
  Grinder (D:5)
  Edmund (D:5)
  A water moccasin (D:6)
  A centaur (D:5)
  2 scorpions (D:6)
  2 orc priests (D:3)
  2 hounds (D:5)
  2 orc wizards
  4 adders
  A white imp (D:6)
  2 dart slugs
  19 orcs
  2 ball pythons
  4 endoplasms
  3 giant cockroaches
  2 goblins
  3 hobgoblins
  2 jackals (D:5)
  3 kobolds
  A quokka (D:1)
  6 bats
  2 frilled lizards
  5 rats
71 creatures vanquished.

Vanquished Creatures (others)
  A bush (D:5)
  11 fungi
12 creatures vanquished.

Grand Total: 83 creatures vanquished

Notes
Turn   | Place    | Note
-------+----------+-------------------------------------------
     0 | D:1      | KennySheep the Barachi Transmuter began the quest for the
                  | Orb.
     0 | D:1      | Reached XP level 1. HP: 15/15 MP: 3/3
   186 | D:1      | Reached skill level 1 in Ice Magic
   194 | D:1      | Reached XP level 2. HP: 6/21 MP: 3/5
   203 | D:1      | Learned a level 2 spell: Wereblood
   666 | D:1      | Found a faded altar of an unknown god.
   755 | D:2      | Reached XP level 3. HP: 23/26 MP: 6/6
  1027 | D:2      | You fall into a shaft and drop 2 floors!
  1046 | D:4      | Found Kuqiuh's Book Shoppe.
  1230 | D:3      | Reached XP level 4. HP: 13/32 MP: 6/8
  1236 | D:3      | Learned a level 4 spell: Ice Form
  1387 | D:3      | Reached XP level 5. HP: 9/37 MP: 7/9
  1813 | D:3      | Found an opulent altar of Gozag.
  2114 | D:4      | Found a snail-covered altar of Cheibriados.
  2144 | D:4      | Found Tefaut's Magic Scroll Shoppe.
  2159 | D:4      | Found Sanuxzyf's Distillery.
  2222 | D:4      | Found Epsy's Weapon Shop.
  2323 | D:4      | Found Xesmeut's Antique Weapon Boutique.
  2758 | D:5      | Entered Level 5 of the Dungeon
  2802 | D:5      | Noticed a centaur
  3285 | D:5      | HP: 1/37 [centaur (3)]
  3286 | D:5      | Killed a centaur
  3287 | D:5      | Reached XP level 6. HP: 1/43 MP: 9/11
  3504 | D:5      | Noticed Grinder
  3525 | D:5      | Noticed Edmund
  3536 | D:5      | Paralysed by Grinder for 2 turns
  3549 | D:5      | Killed Edmund
  3550 | D:5      | Reached skill level 5 in Transmutations
  3551 | D:5      | Killed Grinder
  3552 | D:5      | Reached skill level 5 in Ice Magic
  3552 | D:5      | Reached XP level 7. HP: 48/48 MP: 11/13
  3621 | D:5      | Found a bloodstained altar of Trog.
  4790 | D:6      | Reached XP level 8. HP: 23/54 MP: 9/14
  4809 | D:6      | Slain by an orc warrior

Illustrated notes

Levels and vault maps discovered:
D:1:      dpeg_arrival_ternary, layout_rooms,
          hellmonk_ecumenical_altar_lost_god, minmay_pentomino_r2
D:2:      layout_basic
D:3:      layout_basic, lemuel_coloured_pillars_altar, interstate_on_off
D:4:      layout_gridville, nicolae_overflow_hidden_temple, serial_shops,
          shop_fountains, kennysheep_mini_moat, shop_statue,
          nicolae_shop_advertising_works [nicolae_subvault_shop_adworks],
          nicolae_shop_statue_plus, nicolae_kite_square_tiling_tiny
D:5:      layout_basic, lemuel_doored_altar, kb_lookout_dungeons_type,
          uniq_crazy_yiuf_cottage, uniq_grinder, uniq_edmund
D:6:      layout_loops_cross, temple_fountains, serial_aquarium,
          aquarium_bridge_island_small [aquarium_subvault_small_water,
          aquarium_subvault_wall, aquarium_subvault_bridge,
          aquarium_subvault_wall, aquarium_subvault_wall],
          aquarium_bridge_square [aquarium_subvault_balcony,
          aquarium_subvault_bridge, aquarium_subvault_window,
          aquarium_subvault_bridge], aquarium_window_fake, aquarium_window_fake,
          aquarium_view_2c, nicolae_elemental_shop

Skill      XL: |  1  2  3  4  5  6  7 |
---------------+----------------------+-----
Ice Magic      | 1 2 3 4 5 6 |  6.4
Transmutations | 3 4 5 6 |  6.4
Spellcasting   | 3 4 |  4.4
Fighting       | |  1.2
Dodging        | |  2.1
Unarmed Combat | |  3.8

Action                   |  1- 3 |  4- 6 |  7- 9 || total
-------------------------+-------+-------+-------++-------
Melee: Unarmed           |    92 |   156 |    77 ||   325
       Kick              |    12 |    20 |    11 ||    43
       Headbutt          |     5 |    11 |     8 ||    24
       Punch             |     1 |     3 |     1 ||     5
 Cast: Beastly Appendage |     7 |     7 |     5 ||    19
       Wereblood         |       |     3 |     1 ||     4
       Ice Form          |       |       |     2 ||     2
 Abil: Hop               |       |       |     2 ||     2
  Use: Potion            |     1 |     3 |     1 ||     5
       Scroll            |     3 |       |       ||     3
 Stab: Sleeping          |     1 |     1 |       ||     2
Armor: Robe              |    17 |    35 |     7 ||    59
       Skin              |       |    12 |     8 ||    20
Dodge: Dodged            |    38 |   105 |    42 ||   185

Table legend: (Time is in decaauts)
 A = Elapsed time spent in this place.
 B = Non-inter-level travel time spent in this place.
 C = Inter-level travel time spent in this place.
 D = Time resting spent in this place.
 E = Time spent auto-exploring this place.
 F = Levels seen in this place.
 G = Mean time per level.
                   A        B        C        D        E       F      G
               +--------+--------+--------+--------+--------+-----+--------+
         Total |   5306 |   5022 |    284 |   1529 |   2702 |   6 |  884.3 |
       Dungeon |   5306 |   5022 |    284 |   1529 |   2702 |   6 |  884.3 |
               +--------+--------+--------+--------+--------+-----+--------+

Top non-repeatable levels by time:
     D:5: 1682 daAuts
     D:4: 1006 daAuts
     D:3: 977 daAuts
     D:1: 832 daAuts
     D:6: 501 daAuts
     D:2: 306 daAuts
